 Dungeon Crawl Stone Soup version 0.29.1 (webtiles) character file.

Game seed: 8846305567236435186

109 raistware the Magician (level 4, 0/27 HPs)
             Began as an Octopode Conjurer on Sept 12, 2022.
             Killed by divine providence
             ... invoked by an orc priest
              (13 damage)
             ... on level 3 of the Dungeon.
             The game lasted 00:03:58 (2783 turns).

raistware the Magician (Octopode Conjurer)          Turns: 2783, Time: 00:03:58

Health: 0/27       AC:  1    Str:  6    XL:     4   Next: 90%
Magic:  7/10       EV: 13    Int: 28    God:
Gold:   125        SH:  0    Dex: 10    Spells: 5/11 levels left

rFire   . . .      SeeInvis .   p - +1 dagger (flame)
rCold   . . .      Faith    .   (no shield)
rNeg    . . .      Spirit   .   (helmet restricted)
rPois   .          Reflect  .   s - amulet of magic regeneration
rElec   .          Harm     .   e - +6 ring of intelligence
rCorr   .          Rampage  .   (no ring)
Will    .....                   (no ring)
Stlth   +++.......              (no ring)
HPRegen 0.09/turn               (no ring)
MPRegen 0.52/turn               (no ring)
                                (no ring)
                                (no ring)

@: no status effects
A: almost no armour, amphibious, 8 rings, camouflage 1, gelatinous body 1,
(nimble swimmer 1), tentacles
a: no special abilities


You were on level 3 of the Dungeon.
You visited 1 branch of the dungeon, and saw 3 of its levels.

You collected 125 gold pieces.

Inventory:

Hand Weapons
 p - a +1 dagger of flaming (weapon)
Missiles
 h - a throwing net
Jewellery
 e - a +6 ring of intelligence (left tentacle)
 s - an amulet of magic regeneration (around mantle)
Scrolls
 b - 3 scrolls of immolation {unknown}
 f - 2 scrolls of magic mapping {unknown}
 g - a scroll of fear {unknown}
 j - 2 scrolls of fog {unknown}
 k - 2 scrolls of vulnerability {unknown}
 l - 4 scrolls of identify {unknown}
 o - a scroll of poison {unknown}
 t - a scroll of summoning {unknown}
 u - a scroll of enchant armour {unknown}
 x - a scroll of teleportation {unknown}
Potions
 a - 2 potions of magic
 c - 3 potions of curing {unknown}
 d - 2 potions of haste {unknown}
 i - 3 potions of attraction {unknown}
 m - 2 potions of mutation {unknown}
 n - a potion of resistance {unknown}
 q - 2 potions of brilliance {unknown}
 r - a potion of lignification {unknown}
 v - a potion of invisibility {unknown}
 w - a potion of cancellation {unknown}


   Skills:
 - Level 2.0 Dodging
 - Level 2.6 Stealth
 + Level 4.2 Spellcasting
 - Level 4.0 Conjurations
 + Level 1.6 Translocations


You had 5 spell levels left.
You knew the following spells:

 Your Spells              Type           Power      Damage    Failure   Level
a - Magic Dart            Conj           100%       1d8       1%          1
b - Iskenderun's Mystic   Conj/Tloc      21%        2d6       22%         4
z - Apportation           Tloc           30%        N/A       3%          1

Your spell library contained the following spells:

 Spells                   Type           Power      Damage    Failure   Level
 Searing Ray              Conj           56%        2d6       2%          2
 Necrotise                Necr           20%        1d5       8%          1
 Summon Small Mammal      Summ           20%        N/A       8%          1
 Dazzling Flash           Conj/Hex       34%        N/A       10%         3
 Fulminant Prism          Conj/Hex       8%         3d7       32%         4


Dungeon Overview and Level Annotations

Branches:
Dungeon (3/15)

Altars:


Innate Abilities, Weirdness & Mutations

You cannot wear most types of armour.
You are amphibious.
You can wear up to eight rings at the same time.
Your skin changes colour to match your surroundings (Stealth+).
Your rubbery body absorbs attacks. (AC +1, EV +1)
((You are camouflaged when in or above water. (Stealth+)))
You have tentacles for arms and can constrict up to eight enemies at once.


Message History

The magic dart hits the orc but does no damage.
There are monsters nearby!
The magic dart hits the orc.
The orc is severely wounded.
The magic dart hits the orc.
You kill the orc!
The magic dart hits the orc!
You kill the orc!
You can't see any susceptible monsters within range! (Use Z to cast anyway.)
You can't see any susceptible monsters within range! (Use Z to cast anyway.)
You can't see any susceptible monsters within range! (Use Z to cast anyway.)
You now have 125 gold pieces (gained 6).
Found a club.
Things that are here:
a +0 flail; a +0 ring mail; an orc corpse The magic dart hits the orc priest.
The orc priest is lightly wounded.
The orc priest shouts!
You hear a shout!
An orc priest comes into view. It is wielding a +0 dagger.
The magic dart hits the orc priest.
The orc priest is moderately wounded.
The magic dart hits the orc priest but does no damage.
The orc priest is moderately wounded.
The orc priest calls upon Beogh to heal the orc priest.
The orc priest's wounds heal themselves!
The magic dart hits the orc priest.
The orc priest is lightly wounded.
Casting: Magic Dart (safe; 1% risk of failure)
Confirm with . or Enter, or press ? or * to list all spells.
Aiming: Magic Dart (safe; 1% risk of failure)
Press: ? - help, Shift-Dir - straight line, f/p - orc priest
Aim: an orc priest, wielding a +0 club and wearing a +0 leather armour (lightly wounded, 100% to hit)
The magic dart hits the orc priest.
The orc priest is moderately wounded.
The orc priest invokes the aid of Beogh against you.
Beogh smites you!
Ouch! That really hurt!
The orc priest mumbles some strange prayers to Beogh against you.
Beogh smites you!
You die...

#.. ##########
#... #.>......#
#....#...####.##
#.........#
#..######
#.######..#
##......#
#.........###
######.##
#.<#..##....#
#..( #
#......#....
####
#..@######## #
#......# #
#..##).)... #
#..# [o.... #
#..# ..... #..#
.o... ... ....
##.# ....


You could see 2 orc priests.

Vanquished Creatures
  2 adders (D:2)
  A gnoll (D:2)
  3 dart slugs
  A worm (D:2)
  2 orcs (D:3)
  5 ball pythons
  3 endoplasms
  5 giant cockroaches
  7 goblins
  4 hobgoblins
  9 jackals
  6 kobolds
  A quokka (D:2)
  5 bats
  14 frilled lizards
  A rat (D:1)
69 creatures vanquished.

Vanquished Creatures (others)
  5 fungi (D:1)
  9 plants
14 creatures vanquished.

Grand Total: 83 creatures vanquished

Notes
Turn   | Place    | Note
-------+----------+-------------------------------------------
     0 | D:1      | raistware the Octopode Conjurer began the quest for the
                  | Orb.
     0 | D:1      | Reached XP level 1. HP: 11/11 MP: 3/3
   240 | D:1      | Reached XP level 2. HP: 17/17 MP: 0/5
   338 | D:1      | Found a faded altar of an unknown god.
   601 | D:1      | Reached XP level 3. HP: 21/21 MP: 5/7
  1731 | D:2      | Reached XP level 4. HP: 27/27 MP: 5/9
  1736 | D:2      | Learned a level 4 spell: Iskenderun's Mystic Blast
  1969 | D:2      | Reached skill level 1 in Translocations
  2019 | D:2      | Learned a level 1 spell: Apportation
  2783 | D:3      | Killed from afar by an orc priest

Illustrated notes

Levels and vault maps discovered:
D:1:      lightli_arrival_windingriver, layout_basic,
          shapermc_ecumenical_altar_gd
D:2:      minmay_general_purpose_star, layout_basic, minmay_lizard_king
D:3:      layout_basic, serial_shops, nicolae_shop_crystal, uniq_terence

Skill      XL: |  1  2  3  4 |
---------------+-------------+-----
Spellcasting   | 3 4 |  4.2
Translocations | 1 |  1.6
Dodging        | |  2.0
Stealth        | |  2.6
Conjurations   | |  4.0

Action                   |  1- 3 |  4- 6 || total
-------------------------+-------+-------++-------
Melee: Unarmed           |    22 |       ||    22
       Tentacles         |     7 |     1 ||     8
       Constrict         |     4 |     1 ||     5
       Dagger            |       |     6 ||     6
 Cast: Magic Dart        |    73 |    53 ||   126
 Stab: Sleeping          |       |     1 ||     1
Armor: Skin              |     3 |       ||     3
Dodge: Dodged            |    17 |     6 ||    23
